 Dungeon Crawl Stone Soup version 0.22.0-16-gc6d26f69f9 (webtiles) character file.

993 Rrauwl the Chopper (level 8, -7/67 HPs)
             Began as a Gnoll Chaos Knight on Aug 18, 2018.
             Mangled by an ogre
             ... wielding a +0 giant spiked club
              (25 damage)
             ... on level 7 of the Dungeon.
             The game lasted 00:11:10 (4086 turns).

Rrauwl the Chopper (Gnoll Chaos Knight)             Turns: 4086, Time: 00:11:11

Health: -7/67      AC: 12    Str: 16    XL:     8   Next: 19%
Magic:  12/12      EV: 14    Int: 19    God:    Xom [.....*]
Gold:   310        SH:  0    Dex: 25    Spells: 13/13 levels left

rFire    . . .     SeeInvis .   o - +2 hand axe (chop)
rCold    . . .     Gourm    +   (no shield)
rNeg     . . .     Faith    .   k - +0 chain mail
rPois    .         Spirit   .   (no helmet)
rElec    .         Reflect  .   (no cloak)
rCorr    .         Harm     .   (no gloves)
MR       .....                  l - +1 pair of boots
Stlth    +.........             f - amulet of the gourmand
HPRegen  0.21/turn              r - ring "Ajuskih" {Int+4 Dex+5}
MPRegen  0.13/turn              (no ring)

@: agile, drained
A: distributed training, fangs 1, strong nose
a: Renounce Religion


You were on level 7 of the Dungeon.
You worshipped Xom.
You were Xom's teddy bear.
You were completely stuffed.

You visited 1 branch of the dungeon, and saw 7 of its levels.

You collected 310 gold pieces.

Inventory:

Hand Weapons
 c - a +2 mace of venom
 o - a +2 hand axe of chopping (weapon)
Missiles
 m - 3 exploding tomahawks (quivered)
Armour
 k - a +0 chain mail (worn)
 l - a +1 pair of boots (worn)
Jewellery
 f - an amulet of the gourmand (around neck)
 r - the ring "Ajuskih" (left hand) {Int+4 Dex+5}
   (Xom gifted it to you on level 5 of the Dungeon)

   [ring of dexterity]

   It affects your intelligence (+4).
   It affects your dexterity (+5).
Wands
 b - a wand of enslavement (15)
 h - a wand of random effects (24)
 p - a wand of flame (29)
Scrolls
 d - a scroll of magic mapping {unknown}
 e - 4 scrolls of remove curse
 g - 3 scrolls of identify
 q - a scroll of amnesia
Potions
 j - a potion of brilliance {unknown}
Comestibles
 i - 7 rations
 n - 7 chunks of flesh


   Skills:
 + Level 7.2 Fighting
 + Level 3.0(2.9) Short Blades
 + Level 3.0(2.9) Long Blades
 + Level 7.2 Axes
 + Level 3.0(2.9) Maces & Flails
 + Level 3.0(2.9) Polearms
 + Level 3.0(2.9) Staves
 + Level 3.0(2.9) Slings
 + Level 3.0(2.9) Bows
 + Level 3.0(2.9) Crossbows
 + Level 3.0(2.9) Throwing
 + Level 5.5(5.4) Armour
 + Level 4.0(3.9) Dodging
 + Level 3.0(2.9) Stealth
 + Level 3.0(2.9) Shields
 + Level 3.0(2.9) Unarmed Combat
 + Level 3.0(2.9) Spellcasting
 + Level 2.4 Conjurations
 + Level 2.4 Hexes
 + Level 2.4 Charms
 + Level 2.4 Summonings
 + Level 2.4 Necromancy
 + Level 2.4 Translocations
 + Level 2.4 Transmutations
 + Level 2.4 Fire Magic
 + Level 2.4 Ice Magic
 + Level 2.4 Air Magic
 + Level 2.4 Earth Magic
 + Level 2.4 Poison Magic
 + Level 3.3(3.2) Invocations
 + Level 3.0(2.9) Evocations


You had 13 spell levels left.
You didn't know any spells.
Your spell library contained the following spells:

 Spells                   Type           Power        Failure   Level  Hunger
 Confuse                  Hex            ##......     95%         3    ###....
 Corpse Rot               Necr           N/A          78%         2    ##.....
 Stone Arrow              Conj/Erth      ##....       95%         3    ###....
 Confusing Touch          Hex            ##....       65%         1    None
 Metabolic Englaciation   Hex/Ice        ##........   100%        5    ######.
 Petrify                  Tmut/Erth      ##......     100%        4    ####...
 Leda's Liquefaction      Hex/Erth       ##........   100%        4    ####...
 Summon Hydra             Summ           ##........   100%        7    #######
 Summon Forest            Summ/Tloc      ##........   100%        5    ######.
 Hydra Form               Tmut           ##........   100%        6    #######
 Gell's Gravitas          Tloc           ##........   95%         3    ###....
 Yara's Violent Unravell  Hex/Tmut       ##........   100%        5    ######.


Dungeon Overview and Level Annotations

Branches:
Dungeon (7/15)
 Temple: D:4-7

Altars:
Ashenzari
Elyvilon
Gozag
Wu Jian
Xom


Innate Abilities, Weirdness & Mutations

Your experience applies equally to all skills.
You have very sharp teeth.
Your uncanny sense of smell can sniff out nearby items.


Message History

There is a stone staircase leading down here.
Xom grants you a minor favour.
You feel agile all of a sudden. Something hits you.
You climb downwards.
There is a stone staircase leading up here.
You hit something. You bite something. You slash something!
Something hits you!!
You closely miss something. Something hits you!
* * * LOW HITPOINT WARNING * * *
Evoke which item? (* to show all) (? for menu, Esc to quit)
Okay, then.
Evoke which item? (* to show all) (? for menu, Esc to quit)
That's the wrong kind of item! (Use * to select it.) Evoke which item? (* to show all) (? for menu, Esc to quit)
Aiming: Random Effects
Press: ? - help, Shift-Dir - straight line The puff of flame hits something.
You closely miss something. Something hits you!!
You die... ############## #......@.....# #.##########.#

There were no monsters in sight!

Vanquished Creatures
  Edmund (D:5)
  An ice beast (D:5)
  A phantom (D:4)
  A centaur (D:5)
  2 bullfrogs
  A jelly (D:5)
  A bullfrog skeleton (D:4)
  2 centaur skeletons
  3 worker ants
  An iguana (D:4)
  An orc wizard (D:6)
  A hound zombie (D:6)
  3 gnolls (D:4)
  9 adders
  An ooze (D:5)
  An adder skeleton (D:5)
  A worm (D:4)
  2 dart slugs
  3 leopard geckos
  15 orcs
  7 giant cockroaches
  3 goblins
  5 hobgoblins
  3 jackals
  8 kobolds
  3 quokkas
  A ball python skeleton (D:4)
  4 bats
  7 frilled lizards
  A quokka skeleton (D:4)
  6 rats
99 creatures vanquished.

Vanquished Creatures (collateral kills)
  An orc priest (D:6)
  A worker ant (D:6)
  A jackal (D:6)
3 creatures vanquished.

Vanquished Creatures (others)
  Menkaure (D:5)
  An orc warrior (D:6)
2 creatures vanquished.

Grand Total: 104 creatures vanquished

Notes
Turn   | Place    | Note
-------+----------+-------------------------------------------
     0 | D:1      | Rrauwl the Gnoll Chaos Knight began the quest for the Orb.
     0 | D:1      | Reached XP level 1. HP: 23/23 MP: 1/1
   128 | D:1      | Reached XP level 2. HP: 29/29 MP: 2/2
   226 | D:1      | XOM: noise
   256 | D:1      | Reached XP level 3. HP: 35/35 MP: 3/3
   552 | D:2      | XOM: enchant monster (good)
   604 | D:2      | Reached skill level 1 in Invocations
   744 | D:2      | Reached skill level 1 in Short Blades
   744 | D:2      | Reached skill level 1 in Long Blades
   744 | D:2      | Reached skill level 1 in Maces & Flails
   744 | D:2      | Reached skill level 1 in Polearms
   744 | D:2      | Reached skill level 1 in Staves
   744 | D:2      | Reached skill level 1 in Slings
   744 | D:2      | Reached skill level 1 in Bows
   744 | D:2      | Reached skill level 1 in Crossbows
   744 | D:2      | Reached skill level 1 in Throwing
   744 | D:2      | Reached skill level 1 in Stealth
   744 | D:2      | Reached skill level 1 in Shields
   744 | D:2      | Reached skill level 1 in Unarmed Combat
   744 | D:2      | Reached skill level 1 in Spellcasting
   744 | D:2      | Reached skill level 1 in Evocations
   757 | D:2      | Reached XP level 4. HP: 30/41 MP: 5/5
   834 | D:2      | XOM: cloud trail
  1163 | D:2      | XOM: god gift: scroll labeled TEKAB LACSA {god gift}
  1382 | D:3      | XOM: confusion
  1400 | D:3      | XOM: summons 2 friendly demons
  1403 | D:3      | Reached skill level 1 in Conjurations
  1403 | D:3      | Reached skill level 1 in Hexes
  1403 | D:3      | Reached skill level 1 in Charms
  1403 | D:3      | Reached skill level 1 in Summonings
  1403 | D:3      | Reached skill level 1 in Necromancy
  1403 | D:3      | Reached skill level 1 in Translocations
  1403 | D:3      | Reached skill level 1 in Transmutations
  1403 | D:3      | Reached skill level 1 in Fire Magic
  1403 | D:3      | Reached skill level 1 in Ice Magic
  1403 | D:3      | Reached skill level 1 in Air Magic
  1403 | D:3      | Reached skill level 1 in Earth Magic
  1403 | D:3      | Reached skill level 1 in Poison Magic
  1613 | D:3      | Found a white marble altar of Elyvilon.
  1613 | D:3      | Found an opulent altar of Gozag.
  1613 | D:3      | Found a shattered altar of Ashenzari.
  1615 | D:3      | Found an ornate altar of the Wu Jian Council.
  1979 | D:4      | XOM: noise
  2022 | D:4      | Reached XP level 5. HP: 13/47 MP: 5/7
  2070 | D:4      | XOM: god gift: wand of enslavement (15)
  2093 | D:4      | XOM: 1-stop teleportation journey
  2208 | D:4      | XOM: god gift: Fen Folio
  2306 | D:4      | XOM: harmless Chrm miscast
  2445 | D:4      | XOM: harmless Fire miscast
  2678 | D:4      | Reached XP level 6. HP: 49/53 MP: 8/8
  2757 | D:4      | XOM: snakes to sticks
  2955 | D:4      | Reached skill level 5 in Armour
  3289 | D:4      | Noticed a phantom
  3299 | D:4      | Killed a phantom
  3299 | D:4      | Reached XP level 7. HP: 55/59 MP: 10/10
  3340 | D:5      | Entered Level 5 of the Dungeon
  3624 | D:5      | XOM: summons 2 hostile shadow creatures
  3647 | D:5      | XOM: scenery: create altars
  3916 | D:5      | XOM: god gift: steaming copper ring {god gift}
  3917 | D:5      | Got a steaming copper ring {god gift}
  3918 | D:5      | Identified the ring "Ajuskih" {Int+4 Dex+5} (Xom gifted it to you on level 5 of the Dungeon)
  3941 | D:5      | Noticed Edmund
  3951 | D:5      | Noticed Menkaure
  3952 | D:5      | Killed Menkaure
  3952 | D:5      | XOM: divine lightning
  3952 | D:5      | Killed Edmund
  3952 | D:5      | Reached XP level 8. HP: 52/67 MP: 12/12
  4055 | D:6      | XOM: enchant monster (good)
  4061 | D:6      | XOM: 8-stop teleportation journey
  4080 | D:6      | XOM: potion effect (agility)
  4086 | D:7      | Mangled by an ogre

Skill      XL: |  1  2  3  4  5  6  7  8 |
---------------+-------------------------+-----
Invocations    | 1 2 3 |  3.3
Short Blades   | 1 2 3 |  3.0
Long Blades    | 1 2 3 |  3.0
Maces & Flails | 1 2 3 |  3.0
Polearms       | 1 2 3 |  3.0
Staves         | 1 2 3 |  3.0
Slings         | 1 2 3 |  3.0
Bows           | 1 2 3 |  3.0
Crossbows      | 1 2 3 |  3.0
Throwing       | 1 2 3 |  3.0
Stealth        | 1 2 3 |  3.0
Shields        | 1 2 3 |  3.0
Unarmed Combat | 1 2 3 |  3.0
Spellcasting   | 1 2 3 |  3.0
Evocations     | 1 2 3 |  3.0
Conjurations   | 1 2 |  2.4
Hexes          | 1 2 |  2.4
Charms         | 1 2 |  2.4
Summonings     | 1 2 |  2.4
Necromancy     | 1 2 |  2.4
Translocations | 1 2 |  2.4
Transmutations | 1 2 |  2.4
Fire Magic     | 1 2 |  2.4
Ice Magic      | 1 2 |  2.4
Air Magic      | 1 2 |  2.4
Earth Magic    | 1 2 |  2.4
Poison Magic   | 1 2 |  2.4
Dodging        | 3 4 |  4.0
Armour         | 5 |  5.5
Fighting       | 7 |  7.2
Axes           | 7 |  7.2

Action                   |  1- 3 |  4- 6 |  7- 9 || total
-------------------------+-------+-------+-------++-------
Melee: Hand axe          |    73 |   207 |   117 ||   397
       Bite              |     7 |    18 |    16 ||    41
       Punch             |       |       |     3 ||     3
Evoke: Wand              |       |       |     2 ||     2
  Use: Scroll            |     3 |     5 |     1 ||     9
       Potion            |     2 |     3 |     5 ||    10
 Stab: Sleeping          |       |     2 |       ||     2
       Petrified         |       |    15 |       ||    15
       Confused          |       |     1 |       ||     1
       Paralysed         |       |     1 |       ||     1
  Eat: Chunk             |       |    16 |     3 ||    19
Armor: Leather armour    |    23 |    13 |       ||    36
       Chain mail        |       |    70 |    77 ||   147
Dodge: Dodged            |    43 |    65 |    31 ||   139
